Map: [ESL] Solaris

Players

Cyan - Winner!

  • Race: Protoss Protoss
  • Spawn Location: 7:00

Jieshi

  • Race: Protoss Protoss
  • Spawn Location: 1:00

Event: ESL SC2 Masters 2023 Winter (Regional)

VOD

Have the link to the VOD?

Description

Time

  • Played on: Nov. 12, 2023, 6:44 a.m.
  • Length: 14:23

All games in this series

Show
View Real Time Build Order
Export as new Build Order

Cyan Protoss - Winner!

Build Orders: Oracle Opening 

Get SALT Encoding   

  12  0:00  Probe  
  13  0:12  Probe  
  14  0:18  Pylon  
  14  0:24  Probe (Chrono Boost)  
  15  0:36  Probe (Chrono Boost)  
  15  0:37  Gateway  
  16  0:45  Probe (Chrono Boost)  
  16  0:47  Assimilator  
  17  0:51  Probe  
  17  0:54  Assimilator  
  18  1:03  Probe (Chrono Boost)  
  19  1:07  Gateway  
  19  1:13  Probe (Chrono Boost)  
  19  1:17  Probe (Chrono Boost)  
  20  1:25  Cybernetics Core  
  21  1:29  Probe  
  22  1:34  Pylon  
  22  1:41  Probe  
  23  1:53  Probe  
  24  2:01  Warp Gate, Stalker x2  
  28  2:08  Pylon  
  28  2:12  Probe  
  29  2:22  Pylon  
  29  2:29  Stargate  
  29  2:38  Stalker  
  29  2:42  Stalker  
  33  3:00  Shield Battery  
  33  3:10  Oracle (Chrono Boost)  
  36  3:24  Nexus  
  36  3:29  Pylon  
  36  3:38  Oracle (Chrono Boost)  
  38  3:48  Probe  
  39  3:49  Stalker  
  41  4:02  Shield Battery, Pylon  
  39  4:05  Adept  
  41  4:23  Void Ray (Chrono Boost)  
  45  4:26  Pylon  
  45  4:33  Adept  
  47  4:39  Pylon  
  47  4:43  Shield Battery  
  47  4:48  Gateway  
  51  5:02  Adept  
  51  5:03  Void Ray (Chrono Boost)  
  51  5:05  Gateway  
  53  5:27  Adept  
  55  5:29  Pylon  
  59  5:43  Void Ray (Chrono Boost)  
  59  5:56  Robotics Facility  
  59  6:01  Adept x2  
  63  6:05  Adept  
  65  6:22  Adept  
  65  6:23  Adept  
  69  6:26  Adept  
  68  6:46  Adept x3  
  68  6:51  Warp Prism (Chrono Boost)  
  70  7:08  Pylon  
  64  7:17  Adept x3  
  64  7:36  Probe  
  65  7:47  Stalker x3  
  65  7:50  Observer  
  64  8:12  Stalker x3  
  70  8:14  Observer  
  65  8:37  Stalker x2  
  63  9:01  Immortal (Chrono Boost)  
  65  9:48  Nexus  
  65  10:12  Immortal (Chrono Boost)  
  65  10:22  Sentry x2  
  68  10:44  Twilight Council  
  68  10:47  Probe  
  69  10:55  Observer  
  69  11:02  Probe (Chrono Boost)  
  71  11:07  Probe (Chrono Boost)  
  72  11:12  Probe (Chrono Boost)  
  72  11:15  Probe (Chrono Boost)  
  72  11:16  Blink (Chrono Boost)  
  73  11:19  Probe  
  74  11:33  Warp Prism (Chrono Boost)  
  74  11:35  Probe  
  74  11:36  Probe  
  74  11:39  Pylon  
  76  11:55  Nexus  
  76  11:59  Pylon  
  76  12:07  Immortal (Chrono Boost)  
  76  12:13  Probe  
  81  12:17  Probe  
  81  12:18  Shield Battery  
  82  12:25  Probe  
  82  12:29  Probe  
  84  12:30  Dark Shrine  
  84  12:35  Assimilator  
  84  12:37  Probe  
  84  12:39  Observer  
  84  12:41  Probe  
  87  12:47  Gateway  
  87  12:49  Gateway, Probe  
  88  12:53  Probe  
  89  13:00  Gateway  
  89  13:02  Pylon  
  89  13:04  Probe  
  90  13:06  Probe  
  91  13:15  Stalker x2  
  95  13:20  Stalker  
  95  13:22  Probe  
  95  13:23  Probe  
  99  13:38  Stalker x2  
  103  13:43  Stalker x2  
  103  13:58  Stalker  
  93  14:10  Stalker  
  93  14:12  Stalker x3  
Show
View Real Time Build Order
Export as new Build Order

Jieshi Protoss 

Build Orders:  

Get SALT Encoding   

  12  0:00  Probe  
  13  0:12  Probe  
  14  0:18  Pylon  
  14  0:25  Probe (Chrono Boost)  
  15  0:37  Probe (Chrono Boost)  
  15  0:38  Gateway  
  16  0:44  Probe (Chrono Boost)  
  16  0:47  Assimilator  
  17  0:51  Probe  
  17  0:55  Assimilator  
  18  1:03  Probe (Chrono Boost)  
  19  1:08  Gateway  
  19  1:12  Probe (Chrono Boost)  
  19  1:17  Probe (Chrono Boost)  
  20  1:25  Cybernetics Core  
  21  1:29  Probe  
  22  1:34  Pylon  
  22  1:41  Probe  
  23  1:53  Probe  
  24  2:01  Warp Gate  
  24  2:02  Adept x2  
  28  2:10  Pylon  
  28  2:15  Robotics Facility  
  28  2:32  Stalker  
  28  2:36  Stalker  
  32  2:49  Gateway  
  32  3:00  Immortal (Chrono Boost)  
  36  3:05  Pylon  
  36  3:07  Sentry  
  38  3:24  Shield Battery  
  38  3:29  Warp Prism (Chrono Boost)  
  40  3:49  Stalker x2  
  44  3:55  Pylon  
  44  3:58  Observer  
  45  4:05  Stalker  
  47  4:20  Pylon  
  47  4:23  Stalker x2  
  51  4:30  Stalker  
  51  4:49  Stalker  
  51  4:50  Probe  
  54  5:12  Probe  
  55  5:14  Nexus  
  55  5:20  Sentry  
  57  5:24  Probe  
  57  5:36  Probe  
  57  5:38  Twilight Council, Stalker  
  60  5:48  Probe  
  60  5:51  Pylon  
  60  5:54  Stalker  
  62  6:00  Probe  
  63  6:10  Stalker  
  65  6:11  Sentry  
  65  6:15  Blink (Chrono Boost)  
  67  6:21  Probe  
  68  6:30  Probe  
  69  6:33  Stalker  
  69  6:35  Probe  
  52  6:48  Stalker x2  
  48  6:54  Shield Battery  
  48  7:02  Stalker  
  48  7:07  Shield Battery  
  46  7:16  Stalker  
  46  7:20  Stalker  
  48  7:26  Stalker  
  42  7:42  Gateway  
  29  7:56  Stalker  
  30  8:04  Stalker  
  32  8:22  Stalker  
  32  8:23  Zealot  
  32  8:25  Probe  
  37  8:37  Probe  
  38  8:42  Pylon  
  38  8:43  Observer  
  38  8:49  Stalker  
  40  9:07  Observer  
  40  9:25  Nexus  
  40  9:29  Probe  
  41  9:35  Sentry  
  43  9:41  Probe  
  43  9:56  Gateway  
  43  9:59  Observer (Chrono Boost)  
  44  10:08  Probe  
  45  10:18  Stalker  
  47  10:25  Probe  
  48  10:33  Pylon  
  48  10:38  Probe (Chrono Boost)  
  50  10:43  Probe (Chrono Boost)  
  51  10:50  Probe (Chrono Boost)  
  51  10:55  Probe (Chrono Boost)  
  52  10:58  Probe (Chrono Boost)  
  52  11:01  Probe (Chrono Boost)  
  54  11:05  Probe  
  54  11:07  Sentry  
  57  11:13  Sentry  
  57  11:14  Probe  
  60  11:24  Probe  
  61  11:26  Probe  
  62  11:36  Immortal (Chrono Boost), Probe  
  62  11:38  Probe  
  66  11:43  Sentry  
  66  11:45  Sentry, Shield Battery  
  70  11:50  Probe  
  72  11:59  Pylon  
  72  12:00  Gateway  
  71  12:11  Immortal (Chrono Boost)  
  71  12:15  Sentry  
  77  12:16  Stalker  
  79  12:32  Nexus  
  79  12:36  Shield Battery  
  79  12:38  Probe  
  79  12:41  Probe  
  81  12:45  Assimilator  
  81  12:52  Observer  
  81  12:53  Immortal (Chrono Boost)  
  81  12:56  Probe  
  87  12:58  Probe  
  87  13:09  Forge  
  87  13:10  Probe  
  87  13:11  Probe  
  89  13:22  Probe, Pylon  
  89  13:23  Probe  
  91  13:29  Pylon  
  91  13:31  Gateway  
  91  13:44  Stalker  
  91  13:45  Stalker x2  
  93  13:53  Photon Cannon  
  89  14:09  Dark Shrine  
  77  14:13  Stalker  
  77  14:14  Stalker  
Tags
 
Add a new tag
Caveats
  • Supply blocks, unpowered buildings, or Contaminate may cause inaccurate times.
  • Supply counts are checked every 10 seconds.